 Dungeon Crawl Stone Soup version 0.30-a0-900-g23479c02f2 (webtiles) character file.

Game seed: 14299348175240100744

6713 cforsyth the Ogre Mage (level 11, -14/88 HPs)
             Began as an Ogre Fire Elementalist on Mar 19, 2023.
             Was an Initiate of Vehumet.
             Demolished by a boulder beetle (16 damage)
             ... on level 9 of the Dungeon.
             The game lasted 00:26:01 (12760 turns).

cforsyth the Ogre Mage (Ogre Fire Elementalist)    Turns: 12760, Time: 00:26:02

Health: -14/88     AC: 11    Str: 14    XL:     11   Next: 3%
Magic:  16/25      EV:  9    Int: 20    God:    Vehumet [......]
Gold:   507        SH:  0    Dex:  9    Spells: 24/31 levels left

rFire   . . .      SeeInvis +    p - +9 dagger "Kobb" {flame, rN+}
rCold   . . .      Faith    .    (no shield)
rNeg    + . .      Spirit   .    a - +1 robe
rPois   +          Reflect  .    (helmet restricted)
rElec   +          Rampage  .    s - +2 cloak
rCorr   .                        (gloves unavailable)
Will    +....                    (boots unavailable)
Stlth   +                        (no amulet)
HPRegen 0.34/turn                f - +4 ring of protection
MPRegen 0.19/turn                h - ring "Zuhaiw" {rElec rPois SInv}

@: no status effects
A: large, unfitting armour, tough skin 1
a: Renounce Religion


You were on level 9 of the Dungeon.
You worshipped Vehumet.
Vehumet was noncommittal.
You visited 2 branches of the dungeon, and saw 11 of its levels.
You also visited: Sewer.

You collected 507 gold pieces.

Inventory:

Hand Weapons
 p - the +9 dagger "Kobb" (weapon) {flame, rN+}
   (You took it off an orc on level 3 of the Dungeon)

   rN:        It protects you from negative energy.
 r - the +0 dagger "Xonickibb" {pain, rElec rPois}
   (You found it on level 4 of the Dungeon)

   rElec:     It insulates you from electricity.
   rPois:     It protects you from poison.
Missiles
 J - 2 throwing nets
Armour
 a - a +1 robe (worn)
 q - a +0 cloak
 s - a +2 cloak (worn)
Jewellery
 f - a +4 ring of protection (left hand)
 h - the ring "Zuhaiw" (right hand) {rElec rPois SInv}
   (You acquired it on level 8 of the Dungeon)

   [ring of see invisible]

   rElec:     It insulates you from electricity.
   rPois:     It protects you from poison.
   SInv:      It lets you see invisible.
 B - a ring of positive energy
Wands
 m - a wand of roots (7)
 D - a wand of mindburst (11)
 K - a wand of polymorph (3)
Scrolls
 e - 6 scrolls of enchant armour
 g - a scroll of teleportation
 i - a scroll of fear
 j - a scroll of fog
 k - 2 scrolls of amnesia
 l - 2 scrolls of enchant weapon
 t - 2 scrolls of vulnerability
 y - a scroll of immolation {unknown}
 C - a scroll of blinking
 E - a scroll of silence {unknown}
 H - a scroll of identify
 I - a scroll of poison {unknown}
Potions
 b - a potion of magic
 c - 3 potions of mutation
 d - 2 potions of haste
 n - a potion of cancellation
 o - 4 potions of curing
 u - a potion of flight {unknown}
 v - a potion of resistance {unknown}
 w - a potion of ambrosia
 x - 2 potions of heal wounds {unknown}
 z - a potion of attraction {unknown}
 A - a potion of berserk rage {unknown}
 G - a potion of invisibility {unknown}


   Skills:
 - Level 1.7 Dodging
 - Level 1.4 Stealth
 + Level 10.7 Spellcasting
 + Level 8.8 Conjurations
 + Level 9.2 Fire Magic


You had 24 spell levels left.
You knew the following spells:

 Your Spells              Type           Power      Damage    Failure   Level
a - Foxfire               Conj/Fire      100%       2x1d9     1%          1
b - Scorch                Fire           94%        2d9       1%          2
c - Flame Wave            Conj/Fire      46%        2d12      1%          4

Your spell library contained the following spells:

 Spells                   Type           Power      Damage    Failure   Level
 Inner Flame              Hex/Fire       29%        N/A       3%          3
 Kindle Blastsparks       Fire/Tloc/Air  46%        2d13      5%          3
 Sting                    Tmut/Pois      40%        1d5       6%          1
 Poisonous Vapours        Pois/Air       20%        N/A       10%         2
 Gell's Gravitas          Tloc           10%        N/A       19%         3
 Teleport Other           Tloc           10%        N/A       19%         3
 Olgreb's Toxic Radiance  Pois           10%        N/A       54%         4
 Dispersal                Tloc           5%         N/A       100%        6


Dungeon Overview and Level Annotations

Branches:
Dungeon (10/15)            Temple (1/1) D:7           Sewer (visited)
   Lair: D:8-11         Orc: D:9-12

Altars:
Ashenzari
Cheibriados
Dithmenos
Fedhas
Gozag
Hepliaklqana
Makhleb
Qazlal
Sif Muna
Uskayaw
Vehumet
Xom
Yredelemnul
Zin

Annotations:
D:9 1 transporter


Innate Abilities, Weirdness & Mutations

You are too large for most types of armour.
You have tough skin. (AC +1)


Message History

Aim: a boulder beetle (moderately wounded, 100% to hit)
The bolt of dispelling energy hits the boulder beetle but does no damage.
The boulder beetle is moderately wounded.
The now-empty wand crumbles to dust.
The boulder beetle waves its antennae.
Unknown command.
There's nothing to close nearby.
Aiming: Fastroot
Press: ? - help, Shift-Dir - straight line, p - boulder beetle
Okay, then.
Aiming: Mindburst
Press: ? - help, Shift-Dir - straight line, f/p - boulder beetle
Aim: a boulder beetle (moderately wounded, chance to affect: 47%)
The boulder beetle's mind is blasted!!
The boulder beetle curls into a ball and begins rolling!
Aiming: Mindburst
Press: ? - help, Shift-Dir - straight line, f/p - boulder beetle
Aim: a boulder beetle (severely wounded, rolling, chance to affect: 47%)
The boulder beetle resists with some effort.
Aiming: Mindburst
Press: ? - help, Shift-Dir - straight line, f/p - boulder beetle
Aim: a boulder beetle (severely wounded, rolling, chance to affect: 47%)
The boulder beetle resists with some effort.
Aiming: Mindburst
Press: ? - help, Shift-Dir - straight line, f/p - boulder beetle
Aim: a boulder beetle (severely wounded, rolling, chance to affect: 47%)
The boulder beetle's mind is blasted!
Aiming: Mindburst
Press: ? - help, Shift-Dir - straight line, f/p - boulder beetle
Aim: a boulder beetle (severely wounded, rolling, chance to affect: 47%)
The boulder beetle resists with some effort.
The boulder beetle hits you!!
* * * LOW HITPOINT WARNING * * *
The boulder beetle stops rolling and uncurls.
Aiming: Mindburst
Press: ? - help, Shift-Dir - straight line, f/p - boulder beetle
Aim: a boulder beetle (severely wounded, chance to affect: 47%)
The boulder beetle resists with some effort.
The boulder beetle bites you!
You die...

.....#....# #...#
.....#....# #...#
######....# #...#
..........+ #...#
)......B..# #...#
.......<..###+####...#
########...........###
...... ........B..#
~..... ........@..#
~..... .#####.....#
~##### .# #.....# ...
.# #..#### .... .# #..
##### #.. #.. #..


You could see a boulder beetle.

Vanquished Creatures
  Harold (D:9)
  A boulder beetle (D:10)
  A komodo dragon (D:10)
  A troll (D:7)
  3 hornets
  A yak (D:9)
  A wyvern (D:9)
  The ghost of Bediveer the Shooter, an amateur BaHu of Gozag (D:3)
  2 steam dragons (D:9)
  2 acid dragons
  A water moccasin (Sewer)
  An orc warrior (D:6)
  3 ice beasts
  2 sky beasts (D:6)
  2 black bears
  3 centaurs
  2 phantoms (D:5)
  A kobold brigand (D:7)
  2 bullfrogs
  6 scorpions
  A gnoll sergeant (D:8)
  6 wights
  4 killer bees (D:7)
  3 electric eels (D:8)
  A howler monkey (D:5)
  4 hounds
  3 orc priests
  A jelly (D:5)
  2 gnoll boudas
  4 iguanas
  Crazy Yiuf (D:5)
  Jessica (D:2)
  Natasha (thrice) (D:2)
  Terence (D:2)
  8 orc wizards
  Robin (D:3)
  14 adders
  8 gnolls
  A river rat (D:5)
  3 shadow imps
  A white imp (D:6)
  2 worms
  2 dart slugs
  34 orcs
  6 ball pythons
  6 endoplasms
  7 giant cockroaches
  13 hobgoblins
  4 jackals
  19 kobolds
  7 quokkas
  3 bats
  5 frilled lizards
  16 goblins
  10 rats
242 creatures vanquished.

Vanquished Creatures (collateral kills)
  2 foxfires (D:3)
2 creatures vanquished.

Vanquished Creatures (others)
  932 foxfires
  23 plants
955 creatures vanquished.

Grand Total: 1199 creatures vanquished

Notes
Turn   | Place    | Note
-------+----------+-------------------------------------------
     0 | D:1      | cforsyth the Ogre Fire Elementalist began the quest for the
                  | Orb.
     0 | D:1      | Reached XP level 1. HP: 16/16 MP: 3/3
    31 | D:1      | Reached skill level 1 in Conjurations
   389 | D:1      | Reached XP level 2. HP: 24/24 MP: 3/5
  1149 | D:2      | Reached skill level 3 in Spellcasting
  1149 | D:2      | Reached XP level 3. HP: 31/31 MP: 1/7
  1397 | D:2      | Noticed Terence
  1686 | D:3      | Reached XP level 4. HP: 39/39 MP: 1/9
  2487 | D:2      | Reached XP level 5. HP: 45/45 MP: 0/10
  2602 | D:3      | Found a runed translucent gate.
  2602 | D:3      | Identified the +9 dagger "Kobb" {flame, rN+}
  2602 | D:3      | Identified the +1 scale mail "Orrutoxe" {Int+3}
  2602 | D:3      | Noticed Bediveer's ghost (amateur BaHu)
  2940 | D:3      | Found a runed translucent gate.
  2940 | D:3      | Found a runed translucent gate.
  3051 | D:3      | Noticed Robin
  3054 | D:3      | Killed Robin
  3058 | D:3      | Learned a level 2 spell: Scorch
  3493 | D:4      | Identified the +0 dagger "Xonickibb" {pain, rElec rPois}
  3521 | D:4      | Reached skill level 4 in Spellcasting
  3908 | D:4      | Reached XP level 6. HP: 53/53 MP: 7/12
  4112 | D:4      | Learned a level 4 spell: Flame Wave
  4169 | D:4      | Found a basalt altar of Yredelemnul.
  4174 | D:4      | Found a hazy altar of Hepliaklqana.
  4174 | D:4      | Found a stormy altar of Qazlal.
  4260 | D:4      | Found a shadowy altar of Dithmenos.
  4262 | D:4      | Found a burning altar of Makhleb.
  4262 | D:4      | Found a glowing silver altar of Zin.
  4549 | D:5      | Entered Level 5 of the Dungeon
  4655 | D:5      | Found a large runed translucent door.
  4656 | D:5      | Found a large runed translucent door.
  4657 | D:5      | Found a glowing drain.
  4712 | Sewer    | Entered a sewer
  4850 | Sewer    | Noticed a water moccasin
  4857 | Sewer    | Killed a water moccasin
  4858 | Sewer    | Reached skill level 5 in Spellcasting
  4858 | Sewer    | Reached XP level 7. HP: 49/59 MP: 6/14
  5252 | D:5      | Reached skill level 5 in Fire Magic
  5590 | D:5      | Reached skill level 6 in Spellcasting
  5590 | D:5      | Reached XP level 8. HP: 67/67 MP: 8/17
  6050 | D:5      | Found a runed translucent door.
  6051 | D:5      | Noticed Crazy Yiuf
  6146 | D:5      | Found an opulent altar of Gozag.
  6185 | D:5      | Found a blossoming altar of Fedhas.
  6190 | D:5      | Reached skill level 5 in Conjurations
  6384 | D:2      | Killed Terence
  6491 | D:2      | Noticed Natasha
  6493 | D:2      | Found a faded altar of an unknown god.
  6499 | D:2      | Killed Natasha
  6697 | D:2      | Noticed Jessica
  6700 | D:2      | Noticed Natasha
  6701 | D:2      | Killed Jessica
  6705 | D:2      | Killed Natasha
  7141 | D:2      | Noticed Natasha
  7145 | D:2      | Killed Natasha
  7342 | D:3      | Killed Bediveer's ghost
  7343 | D:3      | Reached skill level 7 in Spellcasting
  7572 | D:5      | Killed Crazy Yiuf
  8133 | D:6      | Reached XP level 9. HP: 74/74 MP: 15/20
  9003 | D:6      | Reached skill level 8 in Spellcasting
  9575 | D:7      | Noticed a troll
  9582 | D:7      | Killed a troll
  9661 | D:7      | Found a staircase to the Ecumenical Temple.
  9926 | Temple   | Entered the Ecumenical Temple
  9969 | Temple   | Became a worshipper of Vehumet
 10289 | D:8      | Identified a scroll of acquirement
 10289 | D:8      | Acquired the ring "Zuhaiw" {rElec rPois SInv}
 10328 | D:8      | Reached skill level 9 in Spellcasting
 10346 | D:8      | Noticed a hornet
 10353 | D:8      | Killed a hornet
 10354 | D:8      | Reached XP level 10. HP: 58/81 MP: 6/23
 11482 | D:9      | Found a snail-covered altar of Cheibriados.
 11683 | D:9      | Identified the +2 leather armour "Tiviesij" {rC+ Str+3
                  | Dex-3}
 11701 | D:9      | Paralysed by a hornet for 1 turns
 11703 | D:9      | Reached skill level 10 in Spellcasting
 11791 | D:9      | Noticed a boulder beetle
 11804 | D:9      | Noticed Harold
 11959 | D:9      | Found a transporter.
 11966 | D:10     | Entered Level 10 of the Dungeon
 11969 | D:10     | Noticed a boulder beetle
 12004 | D:9      | Killed Harold
 12249 | D:10     | Killed a boulder beetle
 12250 | D:10     | Reached XP level 11. HP: 24/88 MP: 0/25
 12759 | D:9      | HP: 2/88 [boulder beetle (25)]
 12760 | D:9      | Demolished by a boulder beetle

Illustrated notes

Levels and vault maps discovered:
D:1:      dpeg_arrival_leaves_temple_mockup, layout_basic
D:2:      layout_loops_ring, ebering_ecumenical_altar_webs,
          grunt_decor_fettered, kennysheep_generic_room_12, uniq_terence,
          uniq_jessica, uniq_natasha
D:3:      minmay_octagon_keep, layout_basic, biasface_ghost_orc_armoury,
          lexackson_kobold_supper, uniq_robin
D:4:      layout_loops_ring, minitemple, gammafunk_temple_overflow_forgotten
D:5:      layout_loops_corners, jmf_multi_god_temple2, portal_sewer_entry_a,
          uniq_crazy_yiuf_cottage
D:6:      layout_basic
D:7:      layout_basic, minmay_temple_entry_gardened_gates
D:8:      layout_basic
D:9:      layout_irregular_city, kennysheep_slug_shrine, gammafunk_ghost_hive,
          st_stairs_3, uniq_harold
D:10:     layout_small_grid, mainiacjoe_overflow_chevrons, serial_shops,
          nicolae_diamond_shop, hangedman_minor_magic
Temple:   hellmonk_temple_flake

Skill      XL: |  1  2  3  4  5  6  7  8  9 10 |
---------------+-------------------------------+-----
Conjurations   | 1 2 3 4 5 7 8 |  8.8
Fire Magic     | 3 4 5 6 7 9 |  9.2
Spellcasting   | 3 4 5 6 7 9 10 | 10.7
Dodging        | |  1.7
Stealth        | |  1.4

Action                     |  1- 3 |  4- 6 |  7- 9 | 10-12 || total
---------------------------+-------+-------+-------+-------++-------
  Melee: Unarmed           |     1 |    23 |     2 |       ||    26
         Punch             |       |     1 |       |       ||     1
         Dagger            |       |       |    24 |       ||    24
   Cast: Foxfire           |    73 |   151 |   194 |   119 ||   537
         Scorch            |       |     3 |    62 |    23 ||    88
         Flame Wave        |       |       |     7 |     8 ||    15
  Evoke: Wand              |       |       |       |    12 ||    12
    Use: Scroll            |       |     7 |     6 |     3 ||    16
 Armour: Robe              |     3 |    17 |    57 |    11 ||    88
  Dodge: Dodged            |     5 |    38 |    44 |    21 ||   108

Table legend: (Time is in decaauts)
 A = Elapsed time spent in this place.
 B = Non-inter-level travel time spent in this place.
 C = Inter-level travel time spent in this place.
 D = Time resting spent in this place.
 E = Time spent auto-exploring this place.
 F = Levels seen in this place.
 G = Mean time per level.
                   A        B        C        D        E       F      G
               +--------+--------+--------+--------+--------+-----+--------+
         Total |  12775 |  12384 |    391 |   1301 |   8958 |  12 | 1064.6 |
       Dungeon |  12453 |  12073 |    380 |   1145 |   8865 |  10 | 1245.3 |
        Temple |     54 |     43 |     11 |      0 |     28 |   1 |   54.0 |
         Sewer |    267 |    267 |      0 |    156 |     65 |   1 |  267.0 |
               +--------+--------+--------+--------+--------+-----+--------+

Top non-repeatable levels by time:
     D:3: 2272 daAuts
     D:5: 1737 daAuts
     D:6: 1496 daAuts
     D:2: 1351 daAuts
     D:9: 1302 daAuts
     D:8: 1140 daAuts
     D:4: 1121 daAuts
     D:7: 1033 daAuts
     D:1: 962 daAuts
   Sewer: 267 daAuts
  Temple: 54 daAuts
    D:10: 35 daAuts
